 Dungeon Crawl Stone Soup version 0.28-a0-312-gbced6e68ee (webtiles) character file.

Game seed: 662417995837921401

96292 bearlyready the Cleaver (level 16, -17/127 HPs)
             Began as a Gnoll Cinder Acolyte on Aug 30, 2021.
             Was an Elder of Ignis.
             Demolished by an orc knight (43 damage)
             ... on level 2 of the Orcish Mines.
             The game lasted 01:17:59 (29697 turns).

bearlyready the Cleaver (Gnoll Cinder Acolyte)     Turns: 29697, Time: 01:17:59

Health: -17/127    AC: 23    Str: 24    XL:     16   Next: 16%
Magic:  30/30      EV:  7    Int: 14    God:    Ignis [****..]
Gold:   2388       SH: 15    Dex: 10    Spells: 24/36 levels left

rFire   + + .      SeeInvis +   e - +9 broad axe (freeze)
rCold   . . .      Faith    .   z - +0 tower shield
rNeg    . . .      Spirit   .   K - +1 plate armour {rF+}
rPois   +          Reflect  .   H - +2 hat
rElec   .          Harm     .   J - +0 cloak {rPois}
rCorr   .          Rampage  .   V - +1 pair of gloves
Will    +....                   u - +0 pair of boots
Stlth   ..........              w - amulet of the acrobat
HPRegen 0.31/turn               r - +6 ring of strength
MPRegen 0.22/turn               P - ring of see invisible

@: no status effects
A: fangs 1, strong nose, distributed training
a: Renounce Religion, Sea of Fire, Foxfire Swarm, Rising Flame


You were on level 2 of the Orcish Mines.
You worshipped Ignis.
Ignis was greatly pleased with you.
You visited 3 branches of the dungeon, and saw 23 of its levels.
You also visited: Ice Cave.

You collected 3136 gold pieces.
You spent 748 gold pieces at shops.

Inventory:

Hand Weapons
 b - the +10 dagger of Courage {venom, rF+}
   (You found it on level 3 of the Lair of Beasts)

   It poisons the flesh of those it strikes.
   rF:        It protects you from fire.
 d - the +10 dark maul {vorpal}
   (You found it in an ice cave)

   It inflicts extra damage upon your enemies.
 e - a +9 broad axe of freezing (weapon)
 y - a +0 demon trident of venom
Missiles
 i - 6 atropa-tipped darts (quivered)
 n - 8 silver javelins
 o - 48 boomerangs
 M - 100 poisoned darts
Armour
 u - a +0 pair of boots (worn)
 z - a +0 tower shield (worn)
 H - a +2 hat (worn)
 J - a +0 cloak of poison resistance (worn)
 K - a +1 plate armour of fire resistance (worn)
 V - a +1 pair of gloves (worn)
Jewellery
 k - a ring of resist corrosion
 q - a +4 ring of evasion
 r - a +6 ring of strength (left hand)
 v - a ring of positive energy
 w - an amulet of the acrobat (around neck)
 P - a ring of see invisible (right hand)
Wands
 p - a wand of paralysis (10)
 E - a wand of flame (132)
 F - a wand of polymorph (10)
 X - a wand of digging (2)
Scrolls
 f - 4 scrolls of immolation
 g - 2 scrolls of fog
 C - 8 scrolls of teleportation
 D - 3 scrolls of fear
 G - 5 scrolls of amnesia
 N - 4 scrolls of enchant weapon
 T - a scroll of summoning
 Y - 3 scrolls of silence
Potions
 c - 13 potions of curing
 h - a potion of cancellation
 j - 3 potions of might
 l - 2 potions of attraction
 t - a potion of haste
 x - 3 potions of ambrosia
 A - 2 potions of invisibility
 B - 3 potions of magic
 L - 5 potions of heal wounds
 O - a potion of brilliance
 R - 2 potions of lignification
 W - a potion of flight
 Z - 3 potions of resistance
Miscellaneous
 a - a lightning rod (1/4)
 s - a box of beasts (inert)


   Skills:
 + Level 12.2 Fighting
 + Level 10.6 Short Blades
 + Level 10.6 Long Blades
 + Level 12.2 Axes
 + Level 10.6 Maces & Flails
 + Level 10.6 Polearms
 + Level 10.6 Staves
 + Level 10.6 Slings
 + Level 10.6 Bows
 + Level 10.6 Crossbows
 + Level 10.6 Throwing
 + Level 10.6 Armour
 + Level 10.6 Dodging
 + Level 10.6 Stealth
 + Level 10.6 Shields
 + Level 10.6 Unarmed Combat
 + Level 10.9 Spellcasting
 + Level 9.0 Conjurations
 + Level 9.0 Hexes
 + Level 9.0 Summonings
 + Level 9.0 Necromancy
 + Level 9.0 Translocations
 + Level 9.0 Transmutations
 + Level 9.2 Fire Magic
 + Level 9.0 Ice Magic
 + Level 9.0 Air Magic
 + Level 9.0 Earth Magic
 + Level 9.0 Poison Magic
 + Level 11.4 Invocations
 + Level 10.6 Evocations


You had 24 spell levels left.
You knew the following spells:

 Your Spells              Type           Power      Damage    Failure   Level
a - Foxfire               Conj/Fire      100%       2x1d9     16%         1
b - Apportation           Tloc           64%        N/A       16%         1
c - Animate Skeleton      Necr           64%        N/A       16%         1
d - Tukima's Dance        Hex            32%        N/A       43%         3
e - Conjure Flame         Conj/Fire      33%        6-21      43%         3
f - Frozen Ramparts       Ice            64%        1d8       43%         3

Your spell library contained the following spells:

 Spells                   Type           Power      Damage    Failure   Level
 Corona                   Hex            35%        N/A       16%         1
 Summon Small Mammal      Summ           100%       N/A       16%         1
 Ensorcelled Hibernation  Hex/Ice        64%        N/A       24%         2
 Ignite Poison            Fire/Tmut/Pois 33%        N/A       43%         3
 Sticky Flame             Conj/Fire      33%        2d5       83%         4
 Animate Armour           Summ/Erth      64%        N/A       85%         4
 Fulminant Prism          Conj/Hex       16%        3d11      85%         4
 Ice Form                 Ice/Tmut       32%        N/A       85%         4
 Iskenderun's Mystic Bla  Conj/Tloc      32%        2d8       85%         4
 Passage of Golubria      Tloc           N/A        N/A       85%         4
 Summon Ice Beast         Ice/Summ       32%        N/A       85%         4
 Summon Lightning Spire   Summ/Air       32%        N/A       85%         4
 Blade Hands              Tmut           16%        N/A       99%         5
 Lee's Rapid Deconstruct  Erth           16%        3d11*     99%         5
 Summon Mana Viper        Hex/Summ       32%        N/A       99%         5
 Yara's Violent Unravell  Hex/Tmut       16%        3d8       99%         5
 Iron Shot                Conj/Erth      16%        9d4       100%        6
 Monstrous Menagerie      Summ           16%        N/A       100%        7
 Storm Form               Tmut/Air       16%        N/A       100%        7
 Maxwell's Capacitive Co  Air            16%        ∞         100%        8


Dungeon Overview and Level Annotations

Branches:
Dungeon (15/15)            Temple (0/1) D:4            Lair (6/6) D:9
 Shoals (0/4) Lair:4       Spider (0/4) Lair:4        Slime (0/5) Lair:5
    Orc (2/2) D:10            Elf (0/3) Orc:2        Vaults (0/5) D:14
 Depths (0/5) D:15          IceCv (visited)

Altars:
Cheibriados
Dithmenos
Elyvilon
Fedhas
Gozag
Kikubaaqudgha
Makhleb
Okawaru
Qazlal
Ru
Sif Muna
Trog
Vehumet
Xom
The Shining One
Jiyva

Shops:
D:5 *   Orc:2 *((!***

Portals:
Hell: Lair:6
Trove: D:13 (give +4 fire dragon scales)

Annotations:
D:12 atabob's ghost, journeyman DrCj
D:15 2 transporters, Werasm's ghost, novice FoAK
Lair:1 2 transporters, ooooo's ghost, journeyman OpCj
Lair:5 2 runed translucent doors, Ribudoz's ghost, journeyman GnFi
Lair:6 exclusion: oklob plant


Innate Abilities, Weirdness & Mutations

You have very sharp teeth.
Your uncanny sense of smell can sniff out nearby items.
Your experience applies equally to all skills.


Message History

The orc knight shoots a bolt.
The bolt hits your orc warrior!
The orc knight barely misses your orc wizard.
Your orc barely misses the orc knight.
Things that are here:
a +0 mace; a +0 plate armour You swap places.
Your orc warrior barely misses the orc knight.
Your orc wizard barely misses the orc knight.
The orc knight unwields a +0 arbalest.
The orc knight wields a +0 great sword.
The orc knight misses you.
The orc knight hits your orc with a +0 great sword!!
Your orc dies!
Your orc's corpse dissolves into shadows!
You see here a +0 war axe.
You slash the orc knight! You freeze the orc knight!
The orc knight is heavily wounded.
Your orc warrior hits the orc knight with a +0 flail.
Your orc wizard closely misses the orc knight.
The orc knight hits you with a +0 great sword.
* * * LOW HITPOINT WARNING * * *
Your orc wizard hits the orc knight but does no damage.
Your orc warrior hits the orc knight with a +0 flail.
The orc knight unwields a +0 great sword.
The orc knight wields a +0 arbalest.
The orc knight shoots a bolt.
The bolt hits your orc warrior!
Your orc wizard barely misses the orc knight.
Your orc warrior barely misses the orc knight.
Your gnoll barely misses the orc knight.
Things that are here:
a +0 mace; a +0 plate armour The orc knight shoots a bolt.
The bolt hits your orc warrior.
Your orc warrior dies!
Your orc warrior's corpse dissolves into shadows!
Your orc barely misses the orc knight.
Your orc wizard hits the orc knight but does no damage.
You barely miss the orc knight.
The orc knight is almost dead.
The orc knight shoots a bolt.
You block the bolt.
The orc knight hits you with a +0 great sword!!!
You die...

...................##
....................#
..........#####....##
........###(.(##...###
.......##(.)...##....##
.....###(.)[)).o##....#
###
.....#....)##.oo.#.#.##
##.#
....##...o####g..#####
##.## ...##....)
#.o@.## ##3##
...#....).∆∆ ##[...##
##.## ...#......
#.....# ##o##
...#....§.
∆###.....###.##
...#..(...
#.#......#.##
...#.(....∆
#.#[[.....## ..##
##........## ...##
#.#.#.#....# ....##
#.........##


You could see 2 orc knights, a friendly orc wizard (summoned), a friendly gnoll
(summoned) and a friendly orc (summoned).

Vanquished Creatures
  An orc warlord (Orc:2)
  Azrael (Orc:2)
  2 dire elephants (Lair:6)
  Josephine (D:13)
  A fire dragon (D:15)
  A vault guard (D:14)
  2 boulder beetles
  9 hydras
  2 centaur warriors
  2 two-headed ogres
  8 death yaks
  A tengu warrior (D:14)
  3 orc high priests (Orc:2)
  A sun demon (Lair:6)
  4 skeletal warriors (D:13)
  A sea snake (shapeshifter) (D:14)
  A deep troll (D:11)
  A lindwurm (shapeshifter) (D:14)
  A lindwurm (Lair:6)
  A wizard (Lair:6)
  A necromancer (D:15)
  5 deep elf pyromancers
  6 ugly things
  6 manticores
  4 orc sorcerers (Orc:2)
  7 orc knights
  6 cyclopes
  11 elephants
  An ice statue (IceCv)
  7 black mambas
  A smoke demon (Lair:6)
  3 gargoyles
  13 cane toads
  An orange demon (Lair:6)
  A rime drake (shapeshifter) (D:13)
  2 unseen horrors (D:12)
  A freezing wraith (IceCv)
  2 yaktaurs (D:15)
  6 rime drakes
  16 komodo dragons
  An ice devil (Lair:6)
  A merfolk (shapeshifter) (D:14)
  A queen bee (shapeshifter) (D:12)
  4 red devils (Lair:6)
  7 trolls
  A tyrant leech (shapeshifter) (D:14)
  Prince Ribbit (D:5)
  A wolf spider simulacrum (D:14)
  2 polar bears (Lair:6)
  A dream sheep (Lair:6)
  18 blink frogs
  9 slime creatures
  A centaur simulacrum (D:14)
  A redback (shapeshifter) (D:14)
  2 vampires
  2 shadows (D:9)
  3 wyverns
  4 wraiths
  4 fire elementals (Orc:2)
  42 yaks
  2 basilisks
  8 vampire mosquitoes
  A steam dragon (D:8)
  4 wargs (Orc:2)
  Edmund (D:4)
  2 acid dragons
  8 hell hounds
  21 water moccasins
  27 orc warriors
  A sky beast (D:5)
  A black bear (D:5)
  An ice beast (D:7)
  A necrophage (D:5)
  30 wolves
  5 ogres
  9 centaurs
  A kobold brigand (D:10)
  14 bullfrogs
  A gnoll sergeant (D:8)
  2 scorpions
  2 cane toad simulacra (IceCv)
  A wyvern skeleton (D:7)
  An elephant simulacrum (IceCv)
  A troll zombie (D:10)
  10 wights
  3 electric eels (D:9)
  A howler monkey (D:14)
  6 centaur zombies
  13 orc priests
  4 hounds
  Crazy Yiuf (D:5)
  Ijyb (D:4)
  An iguana (D:4)
  Natasha (thrice) (D:4)
  15 orc wizards
  11 hell rats
  3 killer bee zombies
  7 ogre zombies (D:10)
  2 howler monkey zombies
  4 gnolls (D:8)
  A river rat (Lair:2)
  6 adders
  2 shadow imps
  2 white imps
  2 ufetubi
  4 worms
  4 dart slugs
  66 orcs
  5 endoplasms
  3 goblins
  5 hobgoblins
  3 quokkas
  7 ball pythons
  5 bats
  4 frilled lizards
  A goblin skeleton (D:10)
  3 goblin zombies (D:10)
  A hobgoblin skeleton (D:10)
  3 hobgoblin zombies
  10 kobolds
  A kobold skeleton (D:5)
  A kobold zombie (D:5)
  2 orc skeletons
  20 orc zombies
  8 rats
649 creatures vanquished.

Vanquished Creatures (collateral kills)
  2 centaur warriors (D:14)
  A manticore (D:14)
  A freezing wraith (D:14)
  An orc warrior (Orc:2)
  2 orcs (Orc:2)
7 creatures vanquished.

Vanquished Creatures (others)
  An orc warrior (Orc:2)
  209 foxfires
  57 fungi
  44 plants
  A withered plant (D:15)
312 creatures vanquished.

Grand Total: 968 creatures vanquished

Notes
Turn   | Place    | Note
-------+----------+-------------------------------------------
     0 | D:1      | bearlyready the Gnoll Cinder Acolyte began the quest for
                  | the Orb.
     0 | D:1      | Reached XP level 1. HP: 23/23 MP: 4/4
   111 | D:1      | You fall into a shaft and drop 1 floor!
   179 | D:1      | Found a faded altar of an unknown god.
   202 | D:1      | Reached XP level 2. HP: 20/29 MP: 5/5
  1578 | D:2      | Reached XP level 3. HP: 31/35 MP: 1/7
  1952 | D:2      | Reached skill level 1 in Invocations
  2045 | D:2      | Reached skill level 1 in Short Blades
  2045 | D:2      | Reached skill level 1 in Long Blades
  2045 | D:2      | Reached skill level 1 in Maces & Flails
  2045 | D:2      | Reached skill level 1 in Polearms
  2045 | D:2      | Reached skill level 1 in Staves
  2045 | D:2      | Reached skill level 1 in Slings
  2045 | D:2      | Reached skill level 1 in Bows
  2045 | D:2      | Reached skill level 1 in Crossbows
  2045 | D:2      | Reached skill level 1 in Throwing
  2045 | D:2      | Reached skill level 1 in Armour
  2045 | D:2      | Reached skill level 1 in Dodging
  2045 | D:2      | Reached skill level 1 in Stealth
  2045 | D:2      | Reached skill level 1 in Shields
  2045 | D:2      | Reached skill level 1 in Unarmed Combat
  2045 | D:2      | Reached skill level 1 in Evocations
  2194 | D:2      | Reached XP level 4. HP: 36/41 MP: 8/8
  2676 | D:3      | Upgraded the game from 0.28-a0-305-g9e858e973b to
                  | 0.28-a0-312-gbced6e68ee
  2762 | D:3      | Noticed an ogre
  2769 | D:3      | Killed an ogre
  2770 | D:3      | Reached skill level 1 in Conjurations
  2770 | D:3      | Reached skill level 1 in Hexes
  2770 | D:3      | Reached skill level 1 in Summonings
  2770 | D:3      | Reached skill level 1 in Necromancy
  2770 | D:3      | Reached skill level 1 in Translocations
  2770 | D:3      | Reached skill level 1 in Transmutations
  2770 | D:3      | Reached skill level 1 in Ice Magic
  2770 | D:3      | Reached skill level 1 in Air Magic
  2770 | D:3      | Reached skill level 1 in Earth Magic
  2770 | D:3      | Reached skill level 1 in Poison Magic
  2770 | D:3      | Reached XP level 5. HP: 47/47 MP: 9/9
  3138 | D:3      | Found a sacrificial altar of Ru.
  3339 | D:3      | Found a snail-covered altar of Cheibriados.
  3556 | D:4      | Noticed Ijyb
  3567 | D:4      | Killed Ijyb
  3840 | D:4      | Found a staircase to the Ecumenical Temple.
  3896 | D:4      | Reached XP level 6. HP: 45/53 MP: 9/11
  4041 | D:4      | Noticed Natasha
  4046 | D:4      | Killed Natasha
  4150 | D:4      | Found a shimmering blue altar of Sif Muna.
  4315 | D:4      | Noticed Natasha
  4318 | D:4      | Killed Natasha
  4402 | D:4      | Noticed Natasha
  4410 | D:4      | Killed Natasha
  4686 | D:4      | Noticed Edmund
  4696 | D:4      | Killed Edmund
  4697 | D:4      | Reached XP level 7. HP: 23/59 MP: 12/12
  4988 | D:5      | Entered Level 5 of the Dungeon
  4988 | D:5      | Found Uxyacs's General Store.
  4999 | D:5      | Bought a scroll of teleportation for 33 gold pieces
  4999 | D:5      | Bought a scroll of teleportation for 33 gold pieces
  4999 | D:5      | Bought a wand of flame (14) for 88 gold pieces
  5195 | D:5      | Noticed Prince Ribbit
  5199 | D:5      | Killed Prince Ribbit
  5200 | D:5      | Reached XP level 8. HP: 15/67 MP: 8/14
  5670 | D:5      | Found a glowing golden altar of the Shining One.
  6107 | D:5      | Found a runed translucent door.
  6108 | D:5      | Noticed Crazy Yiuf
  6165 | D:5      | Killed Crazy Yiuf
  7216 | D:7      | Found an iron altar of Okawaru.
  7222 | D:7      | Found a stormy altar of Qazlal.
  7514 | D:7      | Reached XP level 9. HP: 63/73 MP: 16/16
  7601 | D:7      | Found an opulent altar of Gozag.
  8034 | D:8      | Noticed a deep elf pyromancer
  8043 | D:8      | Killed a deep elf pyromancer
  8044 | D:8      | Reached skill level 5 in Spellcasting
  8445 | D:8      | Noticed a gargoyle
  8527 | D:9      | Found a radiant altar of Vehumet.
  8527 | D:9      | Found a shadowy altar of Dithmenos.
  8527 | D:9      | Found a shimmering altar of Xom.
  8607 | D:9      | Noticed a troll
  9110 | D:8      | Reached skill level 5 in Invocations
  9207 | D:8      | Found a white marble altar of Elyvilon.
  9810 | D:9      | Killed a troll
  9811 | D:9      | Reached XP level 10. HP: 28/80 MP: 18/18
  9812 | D:9      | Reached skill level 5 in Short Blades
  9812 | D:9      | Reached skill level 5 in Long Blades
  9812 | D:9      | Reached skill level 5 in Maces & Flails
  9812 | D:9      | Reached skill level 5 in Polearms
  9812 | D:9      | Reached skill level 5 in Staves
  9812 | D:9      | Reached skill level 5 in Slings
  9812 | D:9      | Reached skill level 5 in Bows
  9812 | D:9      | Reached skill level 5 in Crossbows
  9812 | D:9      | Reached skill level 5 in Throwing
  9812 | D:9      | Reached skill level 5 in Armour
  9812 | D:9      | Reached skill level 5 in Dodging
  9812 | D:9      | Reached skill level 5 in Stealth
  9812 | D:9      | Reached skill level 5 in Shields
  9812 | D:9      | Reached skill level 5 in Unarmed Combat
  9812 | D:9      | Reached skill level 5 in Evocations
 10208 | D:9      | Found a staircase to the Lair.
 10252 | D:9      | Noticed a moth of wrath
 10255 | D:9      | Found a bloodstained altar of Trog.
 10535 | Lair:1   | Entered Level 1 of the Lair of Beasts
 10567 | D:10     | Entered Level 10 of the Dungeon
 10612 | D:10     | Noticed a cyclops
 11121 | D:9      | Learned a level 1 spell: Apportation
 11123 | D:9      | Learned a level 1 spell: Animate Skeleton
 11127 | D:9      | Learned a level 3 spell: Tukima's Dance
 11167 | D:10     | Found a staircase to the Orcish Mines.
 11168 | D:10     | Noticed a two-headed ogre
 11207 | D:9      | Reached skill level 5 in Fire Magic
 11405 | D:10     | Killed a two-headed ogre
 11501 | D:10     | Killed a cyclops
 11927 | D:10     | Reached XP level 11. HP: 54/87 MP: 20/20
 12329 | D:11     | Learned a level 3 spell: Conjure Flame
 12435 | D:11     | Reached skill level 5 in Conjurations
 12435 | D:11     | Reached skill level 5 in Hexes
 12435 | D:11     | Reached skill level 5 in Summonings
 12435 | D:11     | Reached skill level 5 in Necromancy
 12435 | D:11     | Reached skill level 5 in Translocations
 12435 | D:11     | Reached skill level 5 in Transmutations
 12435 | D:11     | Reached skill level 5 in Ice Magic
 12435 | D:11     | Reached skill level 5 in Air Magic
 12435 | D:11     | Reached skill level 5 in Earth Magic
 12435 | D:11     | Reached skill level 5 in Poison Magic
 12768 | D:11     | Noticed a manticore
 12784 | D:11     | Killed a manticore
 13620 | D:11     | Noticed a deep troll
 13638 | D:11     | Killed a deep troll
 13662 | D:11     | Found the necklace of Bloodlust {*Rage +Rage Will++ Int-3
                  | Slay+6}
 13929 | D:12     | Noticed a cyclops
 13955 | D:12     | Killed a cyclops
 14168 | D:12     | Noticed a two-headed ogre
 14394 | D:12     | Noticed a manticore
 14407 | D:12     | Killed a manticore
 14560 | D:12     | Found a runed translucent gate.
 14560 | D:12     | Found a runed translucent gate.
 14563 | D:12     | Found a runed translucent gate.
 14564 | D:12     | Noticed a 12-headed hydra
 14565 | D:12     | Noticed atabob's ghost (journeyman DrCj)
 14566 | D:12     | Noticed a ten-headed hydra
 14947 | D:12     | Noticed a cyclops
 14947 | D:12     | Noticed a green ugly thing
 15103 | Lair:1   | Reached XP level 12. HP: 83/96 MP: 23/23
 15320 | Lair:1   | Found a transporter.
 15327 | Lair:1   | Found a bloodstained altar of Trog.
 15329 | Lair:1   | Noticed a four-headed hydra
 15343 | Lair:1   | Killed a four-headed hydra
 15824 | Lair:1   | Noticed ooooo's ghost (journeyman OpCj)
 15827 | Lair:1   | Found a transporter.
 16297 | Lair:2   | Noticed a six-headed hydra
 16493 | Lair:2   | Reached skill level 10 in Fighting
 16493 | Lair:2   | Reached skill level 10 in Axes
 16961 | Lair:2   | Killed a six-headed hydra
 17348 | Lair:3   | Reached XP level 13. HP: 94/103 MP: 25/25
 17590 | Lair:3   | Identified the +10 dagger of Courage {venom, rF+}
 18673 | Lair:4   | Found a hole to the Spider Nest.
 18688 | Lair:4   | Found a staircase to the Shoals.
 19634 | Lair:5   | Found a frozen archway.
 19646 | IceCv    | Entered an ice cave
 19647 | IceCv    | Found a transporter.
 19739 | IceCv    | Found the +10 dark maul {vorpal}
 19741 | IceCv    | Found a transporter.
 20053 | Lair:5   | Found a large runed translucent door.
 20054 | Lair:5   | Found a large runed translucent door.
 20055 | Lair:5   | Noticed Ribudoz's ghost (journeyman GnFi)
 20188 | Lair:5   | Reached XP level 14. HP: 56/111 MP: 27/27
 20454 | Lair:5   | Found a viscous altar of Jiyva.
 20454 | Lair:5   | Found a staircase to the Slime Pits.
 21125 | Lair:6   | Entered Level 6 of the Lair of Beasts
 21551 | Lair:6   | Found a blossoming altar of Fedhas.
 21595 | Lair:6   | Noticed a dire elephant
 21598 | Lair:6   | Found an ancient bone altar of Kikubaaqudgha.
 21644 | Lair:6   | Reached skill level 10 in Invocations
 22486 | Lair:6   | Noticed a dire elephant
 22516 | Lair:6   | Killed a dire elephant
 22610 | Lair:6   | Killed a dire elephant
 22627 | Lair:6   | Reached skill level 10 in Spellcasting
 23035 | Lair:6   | Found a burning altar of Makhleb.
 23165 | Lair:6   | Found a gateway to Hell.
 23493 | D:12     | Reached XP level 15. HP: 119/119 MP: 29/29
 23730 | D:12     | Identified the +10 hand crossbow "Pouqeps" {venom, rPois
                  | Int+5 Dex-5}
 24727 | D:13     | Found a portal to a secret trove of treasure.
 24729 | D:13     | Noticed Josephine
 24755 | D:13     | Killed Josephine
 25101 | D:13     | Reached skill level 10 in Short Blades
 25101 | D:13     | Reached skill level 10 in Long Blades
 25101 | D:13     | Reached skill level 10 in Maces & Flails
 25101 | D:13     | Reached skill level 10 in Polearms
 25101 | D:13     | Reached skill level 10 in Staves
 25101 | D:13     | Reached skill level 10 in Slings
 25101 | D:13     | Reached skill level 10 in Bows
 25101 | D:13     | Reached skill level 10 in Crossbows
 25101 | D:13     | Reached skill level 10 in Throwing
 25101 | D:13     | Reached skill level 10 in Armour
 25101 | D:13     | Reached skill level 10 in Dodging
 25101 | D:13     | Reached skill level 10 in Stealth
 25101 | D:13     | Reached skill level 10 in Shields
 25101 | D:13     | Reached skill level 10 in Unarmed Combat
 25101 | D:13     | Reached skill level 10 in Evocations
 25454 | D:14     | Identified a scroll of acquirement
 25455 | D:14     | Acquired 879 gold pieces
 25884 | D:14     | Found a gate to the Vaults.
 26237 | D:15     | Entered Level 15 of the Dungeon
 26455 | D:15     | Found a transporter.
 26455 | D:15     | Noticed Werasm's ghost (novice FoAK)
 26494 | D:15     | Found a transporter.
 26704 | D:15     | Found a stormy altar of Qazlal.
 26739 | D:15     | Found a staircase to the Depths.
 26924 | Orc:1    | Entered Level 1 of the Orcish Mines
 27092 | Orc:1    | Learned a level 3 spell: Frozen Ramparts
 27488 | Orc:2    | Entered Level 2 of the Orcish Mines
 27501 | Orc:2    | Found Emejoewkub's Assorted Antiques.
 27526 | Orc:2    | Noticed an orc warlord
 27629 | Orc:2    | Killed an orc warlord
 27883 | Orc:2    | Reached XP level 16. HP: 95/127 MP: 30/30
 28069 | Orc:2    | Found a staircase to the Elven Halls.
 28078 | Orc:2    | Found Heuddeann's Weapon Shop.
 28105 | Orc:2    | Found Byuhiss's Distillery.
 28108 | Orc:2    | Bought a potion of curing for 42 gold pieces
 28108 | Orc:2    | Bought a potion of curing for 42 gold pieces
 28108 | Orc:2    | Bought a potion of heal wounds for 70 gold pieces
 28108 | Orc:2    | Bought a potion of heal wounds for 70 gold pieces
 28177 | Orc:2    | Found Viziu's Assorted Antiques.
 28184 | Orc:2    | Bought a potion of heal wounds for 185 gold pieces
 28184 | Orc:2    | Bought a potion of heal wounds for 185 gold pieces
 28650 | Orc:2    | Found Jotu's Antique Weapon Boutique.
 28669 | Orc:2    | Found Rob Coubb's General Store.
 28671 | Orc:2    | Found Teargh's Specific Store.
 28854 | Orc:2    | Noticed Azrael
 28866 | Orc:2    | Killed Azrael
 29697 | Orc:2    | Demolished by an orc knight

Illustrated notes

Levels and vault maps discovered:
D:1:      ncdulo_smallfort, layout_basic, hellmonk_ecumenical_altar_blasted
D:2:      layout_loops_ring, minmay_misc_feat_cross
D:3:      layout_basic, cheibriados_altar_1, nicolae_ru_path_of_blood
D:4:      layout_basic, mainiacjoe_overflow_brackets, minmay_temple_entry_fiery,
          uniq_ijyb, uniq_natasha, uniq_edmund
D:5:      layout_loops_ring, nicolae_tso_besieged_by_evil,
          nicolae_stop_n_shop_1, uniq_prince_ribbit1, uniq_crazy_yiuf_cottage
D:6:      layout_basic, sigmund_army
D:7:      layout_cave_pods, lemuel_doored_altar, minitemple
D:8:      layout_loops_ring, mainiacjoe_overflow_chevrons
D:9:      layout_small_grid, chequers_temple_overflow_statue_of_worship,
          tgw_trog, erik_lair_island
D:10:     layout_long_grid, zombieorc2_lemuel
D:11:     layout_irregular_city, hellmonk_guarded_unrand_vitality_bloodlust
D:12:     layout_loops_corners, gammafunk_ghost_hydra_chop
D:13:     layout_roguey [special_room_orc], enter_trove_1, minivault_11,
          uniq_josephine
D:14:     layout_small_grid, david_vaults_5
D:15:     gammafunk_depths_entry_grave, layout_long_grid,
          gammafunk_ghost_stat_death, nicolae_qazlal_eye_of_the_storm,
          hellmonk_bongcloud_opening
Lair:1:   layout_loops_ring, gammafunk_ghost_wrathful_warriors
Lair:2:   layout_loops_ring, pond, lemuel_fruit_fields
Lair:3:   layout_regular_city, chequers_serial_rivers_micro_e
Lair:4:   layout_cave_shapes, minmay_shoals_entry_centaurs,
          spider_nest_entry_web_field, columned_hall_lemuel, grunt_megastairs_2,
          infiniplex_staircase_pool, serial_bayou_shore_b
Lair:5:   layout_layer_cave, slime_altar_1, ebering_ghost_disaster_area,
          portal_ice_cave_rime, grunt_megastairs_4
Lair:6:   evil_forest, layout_cave_shapes, basic_altar, tgw_fedhas
Orc:1:    layout_caves, special_room [special_room_orc]
Orc:2:    grunt_orc_tribal_feast, layout_caves, serial_shops, shop,
          nicolae_square_shop, shop, nicolae_shop_trees,
          nicolae_shop_behind_doors, nicolae_specific_store, uniq_azrael

Skill      XL: |  1  2  3  4  5  6  7  8  9 10 11 12 13 14 15 16 |
---------------+-------------------------------------------------+-----
Fire Magic     | 2 3 4 5 6 7 8 9 |  9.2
Invocations    | 1 2 3 4 5 6 7 8 9 10 11 | 11.4
Short Blades   | 1 2 3 4 5 6 7 8 9 10 | 10.6
Long Blades    | 1 2 3 4 5 6 7 8 9 10 | 10.6
Maces & Flails | 1 2 3 4 5 6 7 8 9 10 | 10.6
Polearms       | 1 2 3 4 5 6 7 8 9 10 | 10.6
Staves         | 1 2 3 4 5 6 7 8 9 10 | 10.6
Slings         | 1 2 3 4 5 6 7 8 9 10 | 10.6
Bows           | 1 2 3 4 5 6 7 8 9 10 | 10.6
Crossbows      | 1 2 3 4 5 6 7 8 9 10 | 10.6
Throwing       | 1 2 3 4 5 6 7 8 9 10 | 10.6
Armour         | 1 2 3 4 5 6 7 8 9 10 | 10.6
Dodging        | 1 2 3 4 5 6 7 8 9 10 | 10.6
Stealth        | 1 2 3 4 5 6 7 8 9 10 | 10.6
Shields        | 1 2 3 4 5 6 7 8 9 10 | 10.6
Unarmed Combat | 1 2 3 4 5 6 7 8 9 10 | 10.6
Evocations     | 1 2 3 4 5 6 7 8 9 10 | 10.6
Spellcasting   | 3 4 5 6 7 8 9 10 | 10.9
Conjurations   | 1 2 3 4 5 6 7 8 9 |  9.0
Hexes          | 1 2 3 4 5 6 7 8 9 |  9.0
Summonings     | 1 2 3 4 5 6 7 8 9 |  9.0
Necromancy     | 1 2 3 4 5 6 7 8 9 |  9.0
Translocations | 1 2 3 4 5 6 7 8 9 |  9.0
Transmutations | 1 2 3 4 5 6 7 8 9 |  9.0
Ice Magic      | 1 2 3 4 5 6 7 8 9 |  9.0
Air Magic      | 1 2 3 4 5 6 7 8 9 |  9.0
Earth Magic    | 1 2 3 4 5 6 7 8 9 |  9.0
Poison Magic   | 1 2 3 4 5 6 7 8 9 |  9.0
Fighting       | 7 8 9 10 11 12 | 12.2
Axes           | 7 8 9 10 11 12 | 12.2

Action                   |  1- 3 |  4- 6 |  7- 9 | 10-12 | 13-15 | 16-18 || total
-------------------------+-------+-------+-------+-------+-------+-------++-------
Melee: Hand axe          |   100 |    67 |     4 |   456 |       |       ||   627
       Bite              |     6 |    10 |    27 |    92 |   170 |     6 ||   311
       Club              |       |    37 |   200 |       |       |       ||   237
       Whip              |       |     6 |    11 |    11 |       |       ||    28
       Punch             |       |       |     1 |       |       |       ||     1
       Morningstar       |       |       |       |   298 |   327 |       ||   625
       Dagger            |       |       |       |       |   611 |       ||   611
       Broad axe         |       |       |       |       |   285 |    82 ||   367
       Demon trident     |       |       |       |       |    50 |       ||    50
Throw: Dart              |       |       |       |    23 |     5 |     1 ||    29
       Boomerang         |       |       |       |    65 |   162 |       ||   227
       Javelin           |       |       |       |     1 |    70 |    12 ||    83
 Cast: Foxfire           |     6 |     3 |    28 |    42 |       |       ||    79
       Tukima's Dance    |       |       |       |     1 |       |       ||     1
       Conjure Flame     |       |       |       |     2 |     3 |       ||     5
       Apportation       |       |       |       |       |     1 |       ||     1
Invok: Foxfire Swarm     |       |     3 |       |       |     1 |       ||     4
Evoke: Wand              |       |       |    14 |    20 |    44 |     3 ||    81
       Lightning rod     |       |       |       |       |    10 |     2 ||    12
       Box of beasts     |       |       |       |       |     3 |     1 ||     4
  Use: Scroll            |       |       |     2 |    12 |    23 |     4 ||    41
       Potion            |       |       |       |       |     3 |     4 ||     7
 Stab: Distracted        |       |     1 |     1 |     1 |     2 |       ||     5
       Paralysed         |       |       |     6 |    15 |       |       ||    21
       Sleeping          |       |       |       |     1 |     8 |       ||     9
Armor: Robe              |    11 |       |       |       |       |       ||    11
       Ring mail         |    20 |    31 |   139 |   101 |    39 |       ||   330
       Troll leather arm |       |       |       |   165 |   350 |       ||   515
       Plate armour      |       |       |       |       |       |    43 ||    43
Dodge: Dodged            |    54 |    61 |   227 |   398 |   751 |    37 ||  1528
Block: Buckler           |       |       |    43 |   185 |   290 |       ||   518
       Kite shield       |       |       |    10 |       |   107 |       ||   117
       Tower shield      |       |       |       |       |       |   103 ||   103

Table legend: (Time is in decaauts)
 A = Elapsed time spent in this place.
 B = Non-inter-level travel time spent in this place.
 C = Inter-level travel time spent in this place.
 D = Time resting spent in this place.
 E = Time spent auto-exploring this place.
 F = Levels seen in this place.
 G = Mean time per level.
                   A        B        C        D        E       F      G
               +--------+--------+--------+--------+--------+-----+--------+
         Total |  29496 |  28097 |   1399 |   2742 |  18563 |  24 | 1229.0 |
       Dungeon |  18612 |  17720 |    892 |   1547 |  12556 |  15 | 1240.8 |
          Lair |   7958 |   7473 |    485 |    233 |   4623 |   6 | 1326.3 |
  Orcish Mines |   2805 |   2784 |     21 |    902 |   1384 |   2 | 1402.5 |
      Ice Cave |    120 |    120 |      0 |     59 |      0 |   1 |  120.0 |
               +--------+--------+--------+--------+--------+-----+--------+

Top non-repeatable levels by time:
   Orc:2: 1901 daAuts
  Lair:6: 1886 daAuts
    D:12: 1857 daAuts
    D:11: 1682 daAuts
  Lair:5: 1586 daAuts
     D:8: 1568 daAuts
     D:1: 1484 daAuts
     D:4: 1477 daAuts
    D:10: 1447 daAuts
     D:9: 1413 daAuts
  Lair:1: 1259 daAuts
     D:5: 1245 daAuts
  Lair:3: 1210 daAuts
     D:2: 1189 daAuts
    D:13: 1158 daAuts
